Unix NetHack Version 3.7.0-102 Work-in-progress - last build Apr 7 2024 00:22:53 (d302a6a9ff6341f1a922d8f5af178406b35fdf99,branch:master). Game began 2024-04-19 20:39:04, ended 2024-04-20 01:38:38. Merlek, neutral male human Priest -------------------- |........|...|.....| |.....-.%|.-.|.....| |..|.....|00.|.....| |-.|..-.0|.-.|..<..| |...--.......|.@.@.| |...|...-...-|..Oe.| |...|..|...--|...@.| |-%.|..-----------W| |...........[......| |...|.>------------- -------- Merlek the Priest St:16 Dx:14 Co:14 In:10 Wi:17 Ch:11 Neutral Dlvl:7 $:0 HP:0(85) Pw:103(103) AC:-4 Xp:10/6452 T:11365 Satiated Latest messages: The Green-elf misses! The elf-lady swings her runed broadsword. The elf-lady misses! The elf-lady swings her runed broadsword. The elf-lady hits! You hit the elf-lady! The ogre swings his club. The ogre misses! The Green-elf hits! The elf-lady swings her runed broadsword. The elf-lady misses! The elf-lady swings her runed broadsword. The elf-lady misses! You hit the elf-lady! The ogre swings his club. The ogre hits! The Green-elf hits! The elf-lady swings her runed broadsword. The elf-lady hits! The elf-lady swings her runed broadsword. The elf-lady just misses! You hit the elf-lady! The ogre swings his club. The ogre hits! The Green-elf hits! The elf-lady swings her runed broadsword. The elf-lady hits! The elf-lady swings her runed broadsword. The elf-lady hits again! The ogre swings his club. The ogre hits! The Green-elf picks up an uncursed knife. The elf-lady swings her runed broadsword. The elf-lady hits! The elf-lady swings her runed broadsword. The elf-lady hits again! The Green-elf wields an uncursed knife! The elf-lady swings her runed broadsword. The elf-lady hits! The elf-lady swings her runed broadsword. The elf-lady misses! The Green-elf throws a knife! The knife hits the ogre. The elf-lady picks up an uncursed runed spear. What do you want to write with? [- adm-otwNQTW or ?*] You write in the dust with your fingertip. The ogre swings his club. The ogre hits! You die... Do you want your possessions identified? [ynq] (n) Inventory: Amulets j - an uncursed amulet of magical breathing (being worn) Weapons m - 11 uncursed +0 darts n - 4 uncursed poisoned +0 darts a - a blessed greased +1 mace (weapon in right hand) Armor y - a blessed greased +2 dwarvish iron helm (being worn) s - a blessed greased +0 pair of iron shoes (being worn) c - a blessed greased burnt +1 small shield (being worn) b - an uncursed greased burnt +0 robe (being worn) R - an uncursed +0 Hawaiian shirt with a palm tree motif (being worn) F - an uncursed +0 dwarvish mithril-coat (being worn) Wands N - an uncursed wand of cancellation (0:6) o - an uncursed wand of cold (0:1) T - an uncursed wand of digging (0:3) W - an uncursed wand of lightning (0:4) Q - an uncursed wand of lightning named empty (0:0) d - an uncursed wand of magic missile (0:6) t - an uncursed wand of secret door detection (0:10) Tools I - a blessed bag of holding containing 49 items X - an uncursed blindfold B - an uncursed can of grease (0:12) l - an uncursed oil lamp x - an uncursed +0 pick-axe k - an uncursed skeleton key named tele sleep cold poison h - a blessed +0 unicorn horn Gems/Stones w - a blessed luckstone Contents of the bag of holding: 2222 gold pieces 20 uncursed +0 darts a blessed +0 elven dagger an uncursed greased +0 long sword an uncursed +0 pair of water walking boots 2 uncursed potatoes an uncursed apple 3 uncursed C-rations an uncursed candy bar labeled "Apollo" an uncursed clove of garlic 8 uncursed food rations 2 cursed food rations an uncursed fortune cookie an uncursed K-ration an uncursed pear an uncursed sprig of wolfsbane 2 uncursed tripe rations a cursed tripe ration an uncursed tin of vampire bat meat 2 uncursed eggs an uncursed giant spider egg an uncursed lizard corpse 2 uncursed scrolls of earth an uncursed scroll of blank paper an uncursed scroll of charging an uncursed scroll of confuse monster an uncursed scroll of destroy armor an uncursed scroll of enchant weapon a blessed scroll of identify 5 uncursed scrolls of identify a cursed scroll of identify 2 uncursed scrolls of light a cursed scroll of light 2 uncursed scrolls of remove curse an uncursed scroll of scare monster an uncursed scroll of scare monster an uncursed spellbook of blank paper a blessed potion of gain energy 2 potions of holy water an uncursed ring of teleport control an uncursed ring of shock resistance an uncursed ring of regeneration an uncursed +2 ring of adornment a cursed ring of conflict a cursed -2 ring of increase damage an uncursed ring of invisibility an uncursed ring of protection from shape changers an uncursed mirror an uncursed tin whistle Merlek the Priest's attributes: Background: You were a Priest, level 10 human. You were neutral, on a mission for Chih Sung-tzu who was opposed by Shan Lai Ching (lawful) and Huan Ti (chaotic). You were right-handed. You were in Sokoban, on level 7. You entered the dungeon 11365 turns ago. It was nighttime. You had 6452 experience points, 3548 more were needed to attain level 11. Basics: You had 0 out of 85 hit points. You had all 103 energy points (spell power). Your armor class was -4. Your wallet was empty, but you had 2222 zorkmids stashed away in your pack. Autopickup was on for '$=?"/!%' plus thrown, with exceptions. Final Characteristics: Your strength was 16 (limit:18/100). Your dexterity was 14 (limit:18). Your constitution was 14 (limit:18). Your intelligence was 10 (limit:18). Your wisdom was 17 (limit:18). Your charisma was 11 (limit:18). Final Status: You were satiated. You were unencumbered. You were wielding a mace. You had expert skill with mace. Final Attributes: You were piously aligned. You were cold resistant. You were sleep resistant. You were poison resistant. You were telepathic. You could survive without air. You were guarded. You were lucky. You had extra luck. Good luck did not time out for you. You are dead. Miscellaneous: You never encountered a bones level. Total elapsed playing time was 2 hours, 43 minutes and 20 seconds. Major events: Turn 1: Merlek the neutral human Priest entered the dungeon 311: entered the Gnomish Mines 892: attained the rank of Acolyte (level 3) 2794: attained the rank of Adept (level 6) 2835: reached Mine Town 7403: entered Sokoban 8607: completed 1st Sokoban level 9226: completed 2nd Sokoban level 9856: completed 3rd Sokoban level 10060: attained the rank of Priest (level 10) 11365: killed by an ogre Vanquished creatures: a giant mimic a flesh golem 2 small mimics a glass piercer a quantum mechanic 4 trolls 2 flaming spheres a tiger a gargoyle a dwarf ruler 2 tengu a leocrotta 2 mountain centaurs a stone giant 2 red nagas a carnivorous ape 2 leather golems 6 Grey-elves 2 soldiers a chameleon a giant beetle a cockatrice 7 wolves 3 winter wolf cubs a gremlin 7 leprechauns an iron piercer a mumak a giant spider a scorpion 4 black lights a vampire bat a forest centaur a dwarf mummy 2 brown puddings 2 owlbears 3 Green-elves 2 lizards 3 chickatrices a dog a jaguar a dwarf leader a white unicorn a black unicorn 2 dust vortices 2 apes a human zombie a rope golem 5 Woodland-elves a soldier ant an imp a water nymph 3 Mordor orcs 2 rock piercers a fog cloud a yellow light a shrieker 6 gnome leaders 4 gnomish wizards a kobold mummy 2 gray oozes 2 elf zombies a ghoul a straw golem 5 giant ants 2 little dogs 3 floating eyes 11 dwarves 3 homunculi a kobold leader 2 kobold shamans 2 hill orcs 2 rothes a rabid rat 3 giant bats 2 orc zombies 8 dwarf zombies a wererat 2 werejackals 4 iguanas 11 killer bees 2 acid blobs 2 coyotes 3 hobbits 12 manes a large kobold 3 hobgoblins 4 giant rats a cave spider a brown mold 4 yellow molds 31 gnomes a garter snake 2 gnome zombies 5 geckos 3 jackals a fox 3 goblins 3 sewer rats 6 grid bugs 7 lichens a kobold zombie 8 newts 289 creatures vanquished. No species were genocided or became extinct. Voluntary challenges: You read items or engraved 10 times. You never engraved Elbereth. You never had a pet. You never genocided any monsters. You never polymorphed an object. You never changed form. You used no wishes. You did not violate any of the special Sokoban rules. Achievements: You entered the Gnomish Mines. You attained the rank of Acolyte. You entered a shop. You attained the rank of Adept. You entered Minetown. You entered a temple. You entered Sokoban. You attained the rank of Priest. The Dungeons of Doom: levels 1 to 11 Level 1: A fountain. Level 2: An altar, a sink. Stairs down to The Gnomish Mines. Level 3: A sink. Level 4: "2x ?oGenocide in shop" An altar to Chih Sung-tzu. Level 5: A fountain. Level 6: Level 7: Level 8: Level 9: Many fountains. Level 10: A temple and an altar, a grave. Stairs up to Sokoban, level 9. Level 11: The Gnomish Mines: levels 3 to 6 Level 3: Level 4: Level 5: An altar, some fountains. Level 6: Sokoban: levels 9 up to 6 Level 6: Unsolved. Level 7: <- You were here. Solved. Final resting place for you, killed by an ogre. Level 8: Solved. Level 9: Solved. Game over: ---------- / \ / REST \ / IN \ / PEACE \ / \ | Merlek | | 2222 Au | | killed by an | | ogre | | | | | | 2024 | *| * * * | * _________)/\\_//(\/(/\)/\//\/|_)_______ Goodbye Merlek the Priest... You died in Sokoban on dungeon level 7 with 28338 points, and 2222 pieces of gold, after 11365 moves. You were level 10 with a maximum of 85 hit points when you died.